PBL
LONDON MAJORS @ NEW JERSEY DEVILS
07/03/2049
 
TOP OF THE 1ST
London Majors batting - Pitching for New Jersey Devils : RHP Nick Rutscher
Pitching: RHP Nick Rutscher
Batting: SHB Mike Fermin 0-0: Ball
1-0: Called Strike
1-1: Ball
2-1: SINGLE (Line Drive, 34D, EV 99.4 MPH)
Batting: RHB Chad Colyer 0-0: Foul Ball, location: 2F
0-1: Ball
1-1: Foul Ball, location: 2F
1-2: Fly out, F8 (Line Drive, 8RM, EV 86.9 MPH)
Batting: RHB King Pinsent 0-0: Ball
1-0: Foul Ball, location: 2F
1-1: Ball
2-1: Swinging Strike
2-2: Strikes out swinging
Pitching: LHP Oscar Dominguez
Batting: RHB Joy-shan Li 0-0: Foul Ball, location: 2F
0-1: Ball
1-1: Ball
2-1: Fly out, F8 (Flyball, 78S, EV 78.1 MPH)
Top of the 1st over - 0 runs, 1 hit, 0 errors, 1 left on base; London 0 - New Jersey 0
BOTTOM OF THE 1ST
New Jersey Devils batting - Pitching for London Majors : LHP Adam Rea
Pitching: LHP Adam Rea
Batting: SHB Ernesto Mazas 0-0: Foul Ball, location: 2F
0-1: SINGLE (Groundball, 56S, EV 63.8 MPH) (infield hit)
Batting: SHB Adonis Jones 0-0: Ball
1-0: Foul Ball, location: 2F
1-1: Swinging Strike
1-2: Ball
2-2: Foul Ball, location: 2F
2-2: Foul Ball, location: 2F
2-2: Foul Ball, location: 2F
2-2: Ball
3-2: Foul Ball, location: 2F
3-2: Fly out, F9 (Flyball, 89D, EV 102.5 MPH)
Batting: RHB Jacob Olander 0-0: Ball
Ernesto Mazas steals 2nd base (no throw)
1-0: Ball
2-0: Foul Ball, location: 2F
2-1: Ground out 4-3 (Groundball, 4, EV 99.4 MPH)
Ernesto Mazas to third
Batting: RHB Oscar Ramirez 0-0: Called Strike
0-1: Swinging Strike
0-2: Ball
1-2: Ball
2-2: Foul Ball, location: 2F
2-2: Strikes out looking
Bottom of the 1st over - 0 runs, 1 hit, 0 errors, 1 left on base; London 0 - New Jersey 0
TOP OF THE 2ND
London Majors batting - Pitching for New Jersey Devils : LHP Oscar Dominguez
Batting: LHB Danny Hamilton 0-0: Foul Ball, location: 2F
0-1: Foul Ball, location: 2F
0-2: Hit by Pitch
Batting: RHB Carlos Viera 0-0: Foul Ball, location: 2F
0-1: Ball
1-1: Called Strike
1-2: Strikes out looking
Batting: SHB John Webb 0-0: Fly out, F7 (Flyball, 78D, EV 111.2 MPH)
Batting: LHB Trevor Durbin 0-0: Ball
1-0: Fly out, F9 (Line Drive, 9, EV 93.8 MPH)
Top of the 2nd over - 0 runs, 0 hits, 0 errors, 1 left on base; London 0 - New Jersey 0
BOTTOM OF THE 2ND
New Jersey Devils batting - Pitching for London Majors : LHP Adam Rea
Batting: LHB John Stokes 0-0: SINGLE (Line Drive, 9S, EV 107.5 MPH)
Batting: RHB Duk-yoon Park 0-0: Ball
1-0: Called Strike
1-1: Swinging Strike
1-2: SINGLE (Line Drive, 9LS, EV 103.8 MPH)
John Stokes to second
Batting: RHB Ted Hickey 0-0: Ball
1-0: Ball
2-0: Foul Ball, location: 2F
2-1: Ball
3-1: SINGLE (Line Drive, 56D, EV 100.6 MPH)
John Stokes to third
Duk-yoon Park to second
Batting: LHB Jason Miller 0-0: Foul Ball, location: 2F
0-1: Swinging Strike
0-2: Strikes out swinging
Batting: RHB Torsten Hodensack 0-0: Foul Ball, location: 2F
0-1: Called Strike
0-2: Ball
1-2: Ball
2-2: Ball
3-2: Base on Balls
John Stokes scores
Duk-yoon Park to third
Ted Hickey to second
Batting: SHB Ernesto Mazas 0-0: Ball
1-0: TRIPLE (Line Drive, 9D, EV 113.1 MPH)
Duk-yoon Park scores
Ted Hickey scores
Torsten Hodensack scores
Batting: SHB Adonis Jones 0-0: Ball
1-0: Called Strike
1-1: Foul Ball, location: 2F
1-2: Ball
2-2: Fly out, F4 (Popup, 4, EV 55.6 MPH)
Batting: RHB Jacob Olander 0-0: Ball
1-0: Foul Ball, location: 2F
1-1: Ball
2-1: Ball
3-1: Base on Balls
Batting: RHB Oscar Ramirez 0-0: Foul Ball, location: 2F
0-1: Foul Ball, location: 2F
0-2: SINGLE (Groundball, 15S, EV 65.6 MPH) (infield hit)
Ernesto Mazas scores
Jacob Olander to second
Batting: LHB John Stokes 0-0: Swinging Strike
0-1: Ball
1-1: Swinging Strike
1-2: Strikes out looking
Bottom of the 2nd over - 5 runs, 5 hits, 0 errors, 2 left on base; London 0 - New Jersey 5
TOP OF THE 3RD
London Majors batting - Pitching for New Jersey Devils : LHP Oscar Dominguez
Batting: LHB Bill Hall 0-0: Reached on error, E3 (Groundball, 3S, EV 66.9 MPH)
Batting: SHB Mike Fermin 0-0: Foul Ball, location: 2F
0-1: Foul Ball, location: 2F
0-2: Strikes out swinging
Batting: RHB Chad Colyer 0-0: Foul Ball, location: 2F
0-1: Foul Ball, location: 2F
0-2: Foul Ball, location: 2F
0-2: 2-RUN HOME RUN (Line Drive, 7D, EV 99.4 MPH), Distance : 395 ft
Batting: RHB King Pinsent 0-0: Foul Ball, location: 2F
0-1: Hit by Pitch
Batting: RHB Joy-shan Li 0-0: Grounds into double play, 3-6-3 (Groundball, 34, EV 84.4 MPH)
Top of the 3rd over - 2 runs, 1 hit, 1 error, 0 left on base; London 2 - New Jersey 5
BOTTOM OF THE 3RD
New Jersey Devils batting - Pitching for London Majors : LHP Adam Rea
Batting: RHB Duk-yoon Park 0-0: Ball
1-0: Foul Ball, location: 2F
1-1: Foul Ball, location: 2F
1-2: Ball
2-2: Foul Ball, location: 2F
2-2: Strikes out swinging
Batting: RHB Ted Hickey 0-0: Fly out, F7 (Flyball, 78XD, EV 90.0 MPH)
Batting: LHB Jason Miller 0-0: Called Strike
0-1: Swinging Strike
0-2: Ball
1-2: Strikes out swinging
Bottom of the 3rd over - 0 runs, 0 hits, 0 errors, 0 left on base; London 2 - New Jersey 5
TOP OF THE 4TH
London Majors batting - Pitching for New Jersey Devils : LHP Oscar Dominguez
Batting: LHB Danny Hamilton 0-0: Called Strike
0-1: Ground out 6-3 (Groundball, 6, EV 86.2 MPH)
Batting: RHB Carlos Viera 0-0: Called Strike
0-1: Ball
1-1: Ball
2-1: Foul Ball, location: 2F
2-2: Fly out, F9 (Flyball, 89S, EV 81.9 MPH)
Batting: SHB John Webb 0-0: Swinging Strike
0-1: Swinging Strike
0-2: Ball
1-2: Strikes out looking
Top of the 4th over - 0 runs, 0 hits, 0 errors, 0 left on base; London 2 - New Jersey 5
BOTTOM OF THE 4TH
New Jersey Devils batting - Pitching for London Majors : LHP Adam Rea
Batting: RHB Torsten Hodensack 0-0: Ball
1-0: Fly out, F7 (Line Drive, 7, EV 88.1 MPH)
Batting: SHB Ernesto Mazas 0-0: Called Strike
0-1: Called Strike
0-2: Foul Ball, location: 2F
0-2: Ball
1-2: Ball
2-2: Strikes out swinging
Batting: SHB Adonis Jones 0-0: Called Strike
0-1: Called Strike
0-2: Ball
1-2: Foul Ball, location: 2F
1-2: Ball
2-2: Foul Ball, location: 2F
2-2: Ball
3-2: Fly out, F8 (Flyball, 8RM, EV 96.2 MPH)
Bottom of the 4th over - 0 runs, 0 hits, 0 errors, 0 left on base; London 2 - New Jersey 5
TOP OF THE 5TH
London Majors batting - Pitching for New Jersey Devils : LHP Oscar Dominguez
Pinch Hitting: LHB Salvador Ramos 0-0: Called Strike
0-1: Foul Ball, location: 2F
0-2: Ground out 4-3 (Groundball, 4D, EV 109.4 MPH)
Batting: LHB Bill Hall 0-0: Called Strike
0-1: Ball
1-1: Ground out 5-3 (Groundball, 56S, EV 67.5 MPH)
Batting: SHB Mike Fermin 0-0: Called Strike
0-1: Swinging Strike
0-2: Ball
1-2: Ball
2-2: Foul Ball, location: 2F
2-2: Foul Ball, location: 2F
2-2: Foul Ball, location: 2F
2-2: Ball
3-2: Base on Balls
Batting: RHB Chad Colyer 0-0: Foul Ball, location: 2F
0-1: Foul Ball, location: 2F
0-2: Ball
1-2: Fly out, F9 (Line Drive, 9D, EV 91.9 MPH)
Top of the 5th over - 0 runs, 0 hits, 0 errors, 1 left on base; London 2 - New Jersey 5
BOTTOM OF THE 5TH
New Jersey Devils batting - Pitching for London Majors : LHP Adam Rea
Pitching: LHP James Marker
Now in RF: Salvador Ramos
Batting: RHB Jacob Olander 0-0: Called Strike
0-1: Ball
1-1: Fly out, F8 (Flyball, 8RM, EV 76.9 MPH)
Batting: RHB Oscar Ramirez 0-0: Ground out 6-3 (Groundball, 6, EV 80.0 MPH)
Batting: LHB John Stokes 0-0: Ball
1-0: Ball
2-0: SINGLE (Line Drive, 7S, EV 110.0 MPH)
Batting: RHB Duk-yoon Park 0-0: Called Strike
0-1: Swinging Strike
0-2: Strikes out swinging
Bottom of the 5th over - 0 runs, 1 hit, 0 errors, 1 left on base; London 2 - New Jersey 5
TOP OF THE 6TH
London Majors batting - Pitching for New Jersey Devils : LHP Oscar Dominguez
Batting: RHB King Pinsent 0-0: Ball
1-0: Ball
2-0: Called Strike
2-1: Ball
3-1: Base on Balls
Pitching: RHP Kenbede Sellimi
Batting: RHB Joy-shan Li 0-0: Grounds into double play, 6-4-3 (Groundball, 6, EV 81.9 MPH)
Batting: LHB Danny Hamilton 0-0: Foul Ball, location: 2F
0-1: Fly out, F9 (Flyball, 9D, EV 105.6 MPH)
Top of the 6th over - 0 runs, 0 hits, 0 errors, 0 left on base; London 2 - New Jersey 5
BOTTOM OF THE 6TH
New Jersey Devils batting - Pitching for London Majors : LHP James Marker
Batting: RHB Ted Hickey 0-0: Ball
1-0: Ground out 6-3 (Groundball, 6M, EV 80.6 MPH)
Batting: LHB Jason Miller 0-0: Foul Ball, location: 2F
0-1: Ball
1-1: Ball
2-1: Called Strike
2-2: Ball
3-2: Base on Balls
Batting: RHB Torsten Hodensack 0-0: Called Strike
0-1: Ball
1-1: Ball
2-1: Ball
3-1: Base on Balls
Jason Miller to second
Batting: SHB Ernesto Mazas 0-0: Ball
1-0: Fly out, F3 (Popup, 3SF, EV 67.5 MPH)
Batting: SHB Adonis Jones 0-0: Called Strike
0-1: Ball
1-1: Swinging Strike
1-2: Ball
2-2: Fielders Choice at 2nd, 5-4 (Groundball, 56, EV 80.6 MPH)
Bottom of the 6th over - 0 runs, 0 hits, 0 errors, 2 left on base; London 2 - New Jersey 5
TOP OF THE 7TH
London Majors batting - Pitching for New Jersey Devils : RHP Kenbede Sellimi
Batting: RHB Carlos Viera 0-0: Ball
1-0: Foul Ball, location: 2F
1-1: Foul Ball, location: 2F
1-2: Foul Ball, location: 2F
1-2: Ball
2-2: SOLO HOME RUN (Flyball, 7LD, EV 92.5 MPH), Distance : 337 ft
Batting: SHB John Webb 0-0: Swinging Strike
0-1: Ball
1-1: Called Strike
1-2: Foul Ball, location: 2F
1-2: Strikes out swinging
Batting: LHB Salvador Ramos 0-0: Ball
1-0: Ball
2-0: Ground out 6-3 (Groundball, 6, EV 84.4 MPH)
Batting: LHB Bill Hall 0-0: Swinging Strike
0-1: Ball
1-1: Called Strike
1-2: Ball
2-2: Ball
3-2: Strikes out swinging
Top of the 7th over - 1 run, 1 hit, 0 errors, 0 left on base; London 3 - New Jersey 5
BOTTOM OF THE 7TH
New Jersey Devils batting - Pitching for London Majors : LHP James Marker
Batting: RHB Jacob Olander 0-0: Ball
1-0: Fly out, F9 (Flyball, 9LM, EV 83.1 MPH)
Batting: RHB Oscar Ramirez 0-0: Swinging Strike
0-1: Ball
1-1: Called Strike
1-2: Ball
2-2: Strikes out looking
Batting: LHB John Stokes 0-0: Ball
1-0: Ball
2-0: Called Strike
2-1: Foul Ball, location: 2F
2-2: Foul Ball, location: 2F
2-2: Strikes out swinging
Bottom of the 7th over - 0 runs, 0 hits, 0 errors, 0 left on base; London 3 - New Jersey 5
TOP OF THE 8TH
London Majors batting - Pitching for New Jersey Devils : RHP Kenbede Sellimi
Batting: SHB Mike Fermin 0-0: Swinging Strike
0-1: Swinging Strike
0-2: Foul Ball, location: 2F
0-2: SINGLE (Line Drive, 9S, EV 100.0 MPH)
Batting: RHB Chad Colyer 0-0: Ball
1-0: Foul Ball, location: 2F
1-1: Fly out, F6 (Line Drive, 6, EV 68.8 MPH)
Batting: RHB King Pinsent 0-0: SINGLE (Line Drive, 89S, EV 103.8 MPH)
Mike Fermin to second
Pitching: RHP Joachim Marot
Batting: RHB Joy-shan Li 0-0: Ball
1-0: Foul Ball, location: 2F
1-1: Ball
2-1: Ball
3-1: Called Strike
3-2: SINGLE (Groundball, 5D, EV 105.6 MPH)
Mike Fermin to third
King Pinsent to second
Batting: RHB Mel Bohorquez 0-0: Foul Ball, location: 2F
0-1: Foul Ball, location: 2F
0-2: Ball
1-2: Grounds into fielders choice 6-2 (Groundball, 6, EV 82.5 MPH)
King Pinsent to third
Joy-shan Li to second
Batting: RHB Carlos Viera 0-0: Swinging Strike
0-1: Fly out, F3 (Popup, 23F, EV 84.4 MPH)
Top of the 8th over - 0 runs, 3 hits, 0 errors, 3 left on base; London 3 - New Jersey 5
BOTTOM OF THE 8TH
New Jersey Devils batting - Pitching for London Majors : LHP James Marker
Pitching: RHP Aaron Meiggs
Pinch Hitting: LHB Tao Li 0-0: Foul Ball, location: 2F
0-1: Ball
1-1: Called Strike
1-2: Ground out 4-3 (Groundball, 34, EV 89.4 MPH)
Batting: RHB Ted Hickey 0-0: Ground out 6-3 (Groundball, 6, EV 103.1 MPH)
Batting: LHB Jason Miller 0-0: Called Strike
0-1: Ball
1-1: Swinging Strike
1-2: Strikes out looking
Bottom of the 8th over - 0 runs, 0 hits, 0 errors, 0 left on base; London 3 - New Jersey 5
TOP OF THE 9TH
London Majors batting - Pitching for New Jersey Devils : RHP Joachim Marot
Now at 1B: Carlos Saldivar
Now at 3B: Matt Reynolds
Now in LF: Rodolfo Alvarez
Now in CF: Ernesto Mazas
Now in RF: Sergio Andrada
Pinch Hitting: RHB Adler Cananis 0-0: Ball
1-0: SINGLE (Line Drive, 8LS, EV 95.0 MPH)
Pinch Hitting: SHB Willie de Gracia 0-0: Swinging Strike
0-1: Ball
1-1: Foul Ball, location: 2F
1-2: Foul Ball, location: 2F
1-2: Foul Ball, location: 2F
1-2: Strikes out looking
Pinch Hitting: LHB Piri Glaginye 0-0: Swinging Strike
0-1: Called Strike
0-2: Strikes out swinging
Batting: SHB Mike Fermin 0-0: Ball
1-0: Fielders Choice at 2nd, 6-4 (Groundball, 6, EV 98.1 MPH)
Top of the 9th over - 0 runs, 1 hit, 0 errors, 1 left on base; London 3 - New Jersey 5
Sunday, July 16th , 2023 - OOTP Baseball 24.6 Build 69